 Dungeon Crawl Stone Soup version 0.18.1-2-ga659475 (webtiles) character file.

19064 Hipnos the Bewitcher (level 12, -5/53 (54) HPs)
             Began as a Spriggan Enchanter on May 8, 2016.
             Was a Priest of Ashenzari.
             Slain by a two-headed ogre
             ... wielding a +0 giant club
              (23 damage)
             ... on level 1 of the Orcish Mines.
             The game lasted 01:14:00 (14499 turns).

Hipnos the Bewitcher (Spriggan Enchanter)          Turns: 14499, Time: 01:14:01

HP:   -5/53 (54)    AC: 11    Str:  4    XL:     12   Next: 33%
MP:   27/27         EV: 27    Int: 22    God:    Ashenzari [***...]
Gold: 1369          SH:  7    Dex: 17    Spells: 7 memorised, 10 levels left

rFire  . . .     SeeInvis +     O - +3 dagger (venom)
rCold  + . .     Gourm    .     J - +2 robe {MR+} (curse)
rNeg   . . .     Faith    .     x - +0 buckler
rPois  .         Spirit   .     (helmet restricted)
rElec  .         Dismiss  .     P - +2 cloak (curse)
rCorr  .         Reflect  .     (gloves unavailable)
SustAt .         Harm     .     (boots unavailable)
MR     ++++.     Rnd*Rage +     t - amulet of magic regeneration (curse)
Stlth  +++.......               f - ring of flight (curse)
                                o - ring of loudness (curse)

@: very quick, incredibly resistant to hostile enchantments, fairly stealthy
A: unfitting armour, rough black scales 1, see invisible, agile 1, berserk 1,
cold resistance 1, herbivore 3, speed 3, magic resistance 1, slow metabolism 2,
no device heal 1
a: Curse Item, Scrying, Renounce Religion, Evoke Flight


You were on level 1 of the Orcish Mines.
You worshipped Ashenzari.
Ashenzari was most pleased with you.
You were full.

You visited 2 branches of the dungeon, and saw 13 of its levels.

You collected 1369 gold pieces.

Inventory:

Hand Weapons
 s - a +0 dagger of protection
 z - a +3 dagger
 O - a +3 dagger of venom (weapon)
Armour
 b - a +2 robe of the Archmagi
 x - a +0 buckler (worn)
 J - a cursed +2 robe of magic resistance (worn)
 P - a cursed +2 cloak (worn)
Jewellery
 f - a cursed ring of flight (right hand)
 o - a cursed ring of loudness (left hand)
 t - a cursed amulet of magic regeneration (around neck)
 D - an uncursed amulet of the gourmand
 I - an uncursed amulet of rage
 K - an uncursed ring of protection from magic
Wands
 r - a wand of slowing (30/48)
Scrolls
 a - a scroll of magic mapping
 g - 2 scrolls of remove curse
 k - 3 scrolls of recharging
 m - 2 scrolls of teleportation
 p - a scroll of enchant armour
 u - a scroll of fog
 A - 3 scrolls of amnesia
 E - 3 scrolls of blinking
 G - 3 scrolls of random uselessness
Potions
 e - 3 potions of resistance
 h - a potion of berserk rage
 i - a potion of agility
 l - 2 potions of brilliance
 q - 6 potions of curing
 v - 2 potions of ambrosia
 B - 3 potions of haste
Books
 c - a book of Maledictions

   Spells                             Type                      Level
   a - Corona                         Hexes                        1
   b - Ensorcelled Hibernation        Hexes/Ice                    2
   c - Confuse                        Hexes                        3
   d - Tukima's Dance                 Hexes                        3
   e - Dazzling Spray                 Conjuration/Hexes            3
 n - a book of Misfortune

   Spells                             Type                      Level
   a - Confusing Touch                Hexes                        2
   b - Confuse                        Hexes                        3
   c - Gell's Gravitas                Hexes/Translocation          3
   d - Petrify                        Transmutation/Earth          4
   e - Metabolic Englaciation         Hexes/Ice                    5
   f - Yara's Violent Unravelling     Hexes/Transmutation          5
 y - a book of Air

   Spells                             Type                      Level
   a - Shock                          Conjuration/Air              1
   b - Swiftness                      Charms/Air                   2
   c - Repel Missiles                 Charms/Air                   2
   d - Static Discharge               Conjuration/Air              3
   e - Lightning Bolt                 Conjuration/Air              5
 F - a book of the Tempests

   Spells                             Type                      Level
   a - Static Discharge               Conjuration/Air              3
   b - Lightning Bolt                 Conjuration/Air              5
   c - Fireball                       Conjuration/Fire             5
   d - Tornado                        Air                          9
   e - Shatter                        Earth                        9
 H - a book of the Dragon

   Spells                             Type                      Level
   a - Flame Tongue                   Conjuration/Fire             1
   b - Cause Fear                     Hexes                        4
   c - Bolt of Fire                   Conjuration/Fire             6
   d - Dragon Form                    Transmutation                7
   e - Dragon's Call                  Summoning                    9
 L - a book of Party Tricks

   Spells                             Type                      Level
   a - Summon Butterflies             Summoning                    1
   b - Apportation                    Translocation                1
   c - Tukima's Dance                 Hexes                        3
   d - Alistair's Intoxication        Transmutation/Poison         5
   e - Invisibility                   Hexes                        6
Miscellaneous
 j - a fan of gales
Comestibles
 d - 3 bread rations


   Skills:
 + Level 1.9 Fighting
 + Level 4.1 Short Blades
 + Level 10.2(11.9) Dodging
 - Level 4.4(6.2) Stealth
 * Level 4.8 Shields
 + Level 10.0 Spellcasting
 * Level 17.7(19.9) Hexes
 - Level 0.4(1.5) Translocations
 - Level 0.4(1.5) Ice Magic


You had 10 spell levels left.
You knew the following spells:

 Your Spells              Type           Power        Failure   Level  Hunger
a - Corona                Hex            #######      0%          1    None
b - Ensorcelled Hibernat  Hex/Ice        ######       1%          2    None
c - Confuse               Hex            #######.     0%          3    None
d - Dazzling Spray        Conj/Hex       ######..     1%          3    None
e - Cause Fear            Hex            #######...   1%          4    ##.....
f - Gell's Gravitas       Hex/Tloc       ######....   1%          3    None
g - Yara's Violent Unrav  Hex/Trmt       ######....   3%          5    ####...


Dungeon Overview and Level Annotations

Branches:
Dungeon (11/15)            Temple (0/1) D:7            Lair (0/8) D:11
    Orc (2/2) D:11            Elf (0/3) Orc:2

Altars:
Ashenzari
Cheibriados
Dithmenos
Fedhas
Gozag
Kikubaaqudgha
Makhleb
Nemelex Xobeh
Ru
Sif Muna
Trog
Xom
Zin
Beogh

Shops:
Orc:1 ?   Orc:2 }:?*


Innate Abilities, Weirdness & Mutations

You are tiny and cannot use many weapons and most armour.
You have supernaturally acute eyesight.
You are a herbivore.
You cover ground extremely quickly.
You need consume almost no food.
You are partially covered in rough black scales (AC +4, Dex -1).
You are agile. (Dex +2)
You tend to lose your temper in combat.
Your flesh is cold resistant.
You are resistant to hostile enchantments.
Potions and wands are less effective at restoring your health.


Message History

You hit the two-headed ogre.
The two-headed ogre is heavily wounded.
You hit the two-headed ogre but do no damage.
The two-headed ogre is heavily wounded.
You block the two-headed ogre's attack.
The two-headed ogre hits you but does no damage.
You hit the two-headed ogre.
The two-headed ogre is severely wounded.
You hit the two-headed ogre.
The two-headed ogre is severely wounded.
You block the two-headed ogre's attack.
The two-headed ogre completely misses you.
An ogre comes into view. It is wielding a giant club.
You hit the two-headed ogre.
The two-headed ogre is severely wounded.
You hit the two-headed ogre.
The two-headed ogre is lightly wounded.
The two-headed ogre hits you with a giant club!!
The two-headed ogre hits you with a giant spiked club!!
You die...

* , * * , *
###.....#####
*
##....)...))..
, # ,
#.###.....####
* *#.
#)#####..## #
#O# ##.##
##..# # #..#*
##.# #### #
##..## #)# #
#..O>### #.#
#..@O.###)#
#....#.).##
##).######
#### #### #...
#... ##...
##..#.
###...##


You could see 2 two-headed ogres and an ogre.

Vanquished Creatures
  An orc warlord (Orc:2)
  A stone giant (Orc:2)
  4 ogre magi (Orc:2)
  The ghost of profreshinal the Grappler, a novice TrFE of Gozag (D:10)
  An orc high priest (Orc:2)
  3 hill giants (D:11)
  An orc sorcerer (Orc:2)
  An ugly thing (D:11)
  Joseph (D:10)
  A manticore (D:11)
  Maurice (D:7)
  A troll (D:9)
  15 two-headed ogres
  Sigmund (D:6)
  3 yaks (D:11)
  Eustachio (D:4)
  A wraith (D:10)
  A hungry ghost (D:11)
  A steam dragon (D:4)
  Menkaure (D:6)
  2 hippogriffs
  3 vampire mosquitoes (D:11)
  A warg (Orc:2)
  15 orc warriors
  4 ice beasts
  A necrophage (D:10)
  2 phantoms (D:7)
  40 ogres
  4 centaurs
  4 big kobolds
  3 giant frogs
  The ghost of Hipnos the Vexing, an amateur SpEn (D:4)
  A wyvern zombie (D:9)
  3 scorpions
  5 wights (D:8)
  2 howler monkeys
  5 crimson imps
  2 centaur zombies
  2 jellies
  A two-headed ogre zombie (Orc:1)
  A giant frog zombie (D:11)
  2 hounds
  A centaur skeleton (D:5)
  10 orc priests
  A gnoll shaman (D:5)
  20 orc wizards
  A giant frog skeleton (D:11)
  Ijyb (D:3)
  3 iguanas
  7 worker ants
  An ogre zombie (Orc:1)
  A hound zombie (D:7)
  A hound skeleton (D:5)
  A mummy (D:7)
  2 howler monkey zombies
  8 gnolls
  8 adders
  A shadow imp (D:11)
  An ooze (D:4)
  2 adder skeletons
  2 worms
  5 giant geckos
  79 orcs
  6 bats
  A giant cockroach (D:1)
  3 goblins
  10 hobgoblins
  12 jackals
  3 quokkas
  2 ball pythons
  A giant gecko skeleton (D:5)
  A giant gecko zombie (D:7)
  2 giant newts (D:5)
  20 kobolds
  8 rats
370 creatures vanquished.

Vanquished Creatures (collateral kills)
  An orc wizard (D:5)
  An orc (D:5)
2 creatures vanquished.

Vanquished Creatures (others)
  3 plants (D:8)
3 creatures vanquished.

Grand Total: 375 creatures vanquished

Notes
Turn   | Place    | Note
--------------------------------------------------------------
     0 | D:1      | Hipnos the Spriggan Enchanter began the quest for the Orb.
     0 | D:1      | Reached XP level 1. HP: 9/9 MP: 5/5
   457 | D:1      | Reached XP level 2. HP: 13/13 MP: 6/6
   461 | D:1      | Learned a level 2 spell: Ensorcelled Hibernation
  1124 | D:2      | Reached skill level 4 in Hexes
  1359 | D:2      | Reached XP level 3. HP: 16/16 MP: 3/8
  1419 | D:2      | Learned a level 3 spell: Confuse
  1724 | D:2      | Found a glowing silver altar of Zin.
  2540 | D:3      | Found a shattered altar of Ashenzari.
  2547 | D:3      | Became a worshipper of Ashenzari the Shackled
  2554 | D:3      | Found a bloodstained altar of Trog.
  2780 | D:3      | Noticed Ijyb
  2805 | D:3      | Killed Ijyb
  2805 | D:3      | Reached skill level 5 in Hexes
  2805 | D:3      | Reached XP level 4. HP: 21/21 MP: 2/10
  3089 | D:4      | Reached XP level 5. HP: 19/24 MP: 2/11
  3226 | D:4      | Noticed a steam dragon
  3435 | D:4      | Killed a steam dragon
  3435 | D:4      | Reached skill level 6 in Hexes
  3435 | D:4      | Reached XP level 6. HP: 5/28 MP: 1/14
  3846 | D:4      | Reached skill level 5 in Spellcasting
  3852 | D:4      | Noticed Eustachio
  3887 | D:5      | Entered Level 5 of the Dungeon
  4210 | D:4      | Killed Eustachio
  4210 | D:4      | Reached skill level 5 in Dodging
  4210 | D:4      | Reached skill level 7 in Hexes
  4210 | D:4      | Reached XP level 7. HP: 21/32 MP: 10/16
  4539 | D:4      | Noticed Hipnos's ghost (amateur SpEn)
  4551 | D:4      | Killed Hipnos's ghost
  5226 | D:5      | Reached skill level 8 in Hexes
  5719 | D:5      | Reached XP level 8. HP: 21/36 MP: 11/19
  6179 | D:6      | Noticed Sigmund
  6191 | D:6      | Killed Sigmund
  6266 | D:6      | Reached skill level 9 in Hexes
  6341 | D:6      | Noticed Menkaure
  6346 | D:6      | Found a deep blue altar of Sif Muna.
  6360 | D:6      | Killed Menkaure
  6404 | D:6      | Found a burning altar of Makhleb.
  6509 | D:6      | Found a sacrificial altar of Ru.
  6521 | D:6      | Reached * piety under Ashenzari
  6624 | D:6      | Reached skill level 10 in Hexes
  7088 | D:7      | Found a shadowy altar of Dithmenos.
  7171 | D:7      | Reached skill level 11 in Hexes
  7216 | D:7      | Gained mutation: Potions and wands are less effective at restoring your health. [potion of mutation]
  7216 | D:7      | Gained mutation: You are dopey. (Int -2) [potion of mutation]
  7216 | D:7      | Lost mutation: You are dopey. (Int -2) [potion of mutation]
  7392 | D:7      | Found an opulent altar of Gozag.
  7751 | D:7      | Reached XP level 9. HP: 28/39 MP: 18/20
  7756 | D:7      | Learned a level 3 spell: Dazzling Spray
  7902 | D:7      | Found a snail-covered altar of Cheibriados.
  7965 | D:7      | Found a staircase to the Ecumenical Temple.
  8353 | D:8      | Noticed Maurice
  8373 | D:7      | Killed Maurice
  8373 | D:7      | Reached skill level 12 in Hexes
  8397 | D:7      | Learned a level 4 spell: Cause Fear
  8401 | D:7      | Learned a level 3 spell: Gell's Gravitas
  8407 | D:7      | Learned a level 5 spell: Yara's Violent Unravelling
  9072 | D:8      | Found a blossoming altar of Fedhas.
  9149 | D:8      | Reached skill level 13 in Hexes
  9422 | D:9      | Found a sparkling altar of Nemelex Xobeh.
  9430 | D:9      | Noticed a troll
  9449 | D:9      | Killed a troll
  9614 | D:9      | Found a shimmering altar of Xom.
  9622 | D:9      | Found a shimmering altar of Xom.
  9622 | D:9      | Found a shimmering altar of Xom.
  9622 | D:9      | Found a shimmering altar of Xom.
  9622 | D:9      | Found a shimmering altar of Xom.
  9622 | D:9      | Found a shimmering altar of Xom.
  9622 | D:9      | Found a shimmering altar of Xom.
  9843 | D:9      | Reached skill level 1 in Shields
  9875 | D:9      | Found an ancient bone altar of Kikubaaqudgha.
  9898 | D:9      | Reached skill level 14 in Hexes
 10027 | D:9      | Reached ** piety under Ashenzari
 10028 | D:9      | Found a blossoming altar of Fedhas.
 10239 | D:9      | Reached XP level 10. HP: 44/44 MP: 19/21
 10281 | D:10     | Entered Level 10 of the Dungeon
 10348 | D:10     | Noticed profreshinal's ghost (novice TrFE)
 10377 | D:10     | Killed profreshinal's ghost
 10840 | D:10     | Noticed Joseph
 10874 | D:10     | Killed Joseph
 11097 | D:10     | Reached skill level 1 in Fighting
 11157 | D:10     | Gained mutation: You are partially covered in rough black scales (AC +4, Dex -1). [potion of mutation]
 11157 | D:10     | Gained mutation: You have a pair of small antennae on your head. [potion of mutation]
 11157 | D:10     | Gained mutation: You are agile. (Dex +2) [potion of mutation]
 11158 | D:10     | Gained mutation: You tend to lose your temper in combat. [potion of mutation]
 11158 | D:10     | Gained mutation: You are resistant to hostile enchantments. [potion of mutation]
 11158 | D:10     | Lost mutation: You have a pair of small antennae on your head. [potion of mutation]
 11208 | D:10     | Found a glowing silver altar of Zin.
 11401 | D:10     | Gained mutation: You are occasionally teleported next to monsters. [potion of mutation]
 11401 | D:10     | Lost mutation: You are occasionally teleported next to monsters. [potion of mutation]
 11401 | D:10     | Gained mutation: Your flesh is cold resistant. [potion of mutation]
 11601 | D:11     | Reached *** piety under Ashenzari
 11607 | D:11     | Noticed a hill giant
 11635 | D:11     | Killed a hill giant
 11635 | D:11     | Reached skill level 15 in Hexes
 11675 | D:11     | Noticed a hill giant
 11719 | D:11     | Killed a hill giant
 11846 | D:11     | Found a staircase to the Orcish Mines.
 11882 | D:11     | Noticed a manticore
 11965 | D:11     | Killed a manticore
 11965 | D:11     | Reached XP level 11. HP: 12/48 MP: 14/23
 12195 | D:11     | Noticed a hill giant
 12215 | D:11     | Killed a hill giant
 12331 | D:11     | Found a staircase to the Lair.
 12381 | D:11     | Noticed a cyan ugly thing
 12434 | D:11     | Killed a purple ugly thing
 12697 | D:11     | Reached skill level 16 in Hexes
 12735 | Orc:1    | Entered Level 1 of the Orcish Mines
 12846 | Orc:2    | Entered Level 2 of the Orcish Mines
 12937 | Orc:2    | Noticed an orc high priest
 12939 | Orc:2    | Found a roughly hewn altar of Beogh.
 12961 | Orc:2    | Killed an orc high priest
 13069 | Orc:2    | Noticed an orc warlord
 13071 | Orc:2    | Noticed an orc sorcerer
 13286 | Orc:2    | Noticed an ogre mage
 13286 | Orc:2    | Noticed an ogre mage
 13302 | Orc:2    | Noticed an ogre mage
 13310 | Orc:2    | Killed an ogre mage
 13360 | Orc:2    | Noticed an ogre mage
 13385 | Orc:2    | Killed an ogre mage
 13386 | Orc:2    | Reached skill level 10 in Dodging
 13439 | Orc:2    | Found Nititaro's Gadget Boutique.
 13439 | Orc:2    | Found Arapn's Magic Scroll Emporium.
 13440 | Orc:2    | Found Takeitto's Book Emporium.
 13440 | Orc:2    | Found Hisem's Assorted Antiques.
 13442 | Orc:2    | Killed an ogre mage
 13488 | Orc:2    | Killed an orc sorcerer
 13492 | Orc:2    | Reached skill level 17 in Hexes
 13505 | Orc:2    | Killed an ogre mage
 13505 | Orc:2    | Reached XP level 12. HP: 41/52 MP: 23/26
 13561 | Orc:2    | Killed an orc warlord
 13579 | Orc:2    | Found a staircase to the Elven Halls.
 13724 | Orc:2    | Noticed a stone giant
 13740 | Orc:2    | Noticed an orc warlord
 13742 | Orc:2    | Killed a stone giant
 13854 | Orc:1    | Found Beugietz's Magic Scroll Emporium.
 14244 | Orc:1    | Reached skill level 10 in Spellcasting
 14499 | Orc:1    | Slain by a two-headed ogre

Skill      XL: |  1  2  3  4  5  6  7  8  9 10 11 12 |
---------------+-------------------------------------+-----
Hexes          | 4 5 6 7 8 11 14 15 17 | 17.7
Spellcasting   | 3 4 5 6 7 9 10 | 10.0
Dodging        | 4 5 6 7 9 10 | 10.2
Shields        | 1 3 4 |  4.8
Short Blades   | 3 4 |  4.1
Fighting       | 1 |  1.9
Stealth        | |  4.4
Translocations | |  0.4
Ice Magic      | |  0.4

Action                   |  1- 3 |  4- 6 |  7- 9 | 10-12 || total
-------------------------+-------+-------+-------+-------++-------
Melee: Dagger            |   127 |   135 |   843 |   537 ||  1642
 Cast: Ensorcelled Hiber |    15 |    13 |    35 |     8 ||    71
       Confuse           |     2 |    17 |   108 |   125 ||   252
       Gell's Gravitas   |       |       |     5 |     4 ||     9
       Yara's Violent Un |       |       |     2 |    10 ||    12
Invok: Curse Item        |       |       |     5 |     1 ||     6
Evoke: Fan of gales      |       |       |       |     1 ||     1
  Use: Scroll            |     1 |       |    16 |     6 ||    23
       Potion            |       |       |     8 |     4 ||    12
 Stab: Sleeping          |    14 |     8 |    22 |    12 ||    56
       Confused          |     2 |     9 |    70 |    52 ||   133
       Distracted        |       |     1 |       |       ||     1
       Paralysed         |       |       |     1 |       ||     1
  Eat: Pizza             |       |     2 |     1 |     4 ||     7
       Bread ration      |       |       |     1 |     2 ||     3
       Royal jelly       |       |       |     1 |       ||     1
       Fruit             |       |       |     1 |       ||     1
Armor: Robe              |     6 |    20 |    88 |    22 ||   136
Dodge: Dodged            |    91 |   106 |   543 |   264 ||  1004
Block: Buckler           |       |       |    21 |   110 ||   131
